 Dungeon Crawl Stone Soup version 0.16-a0-3253-g5709529 (webtiles) character file.

266 MrRokkomies the Conjurer (level 6, -1/51 HPs)
             Began as a Draconian Conjurer on Dec 23, 2014.
             Slain by a kobold (3 damage)
             ... on level 4 of the Dungeon.
             The game lasted 00:12:11 (2499 turns).

MrRokkomies the Conjurer (Draconian Conjurer)       Turns: 2499, Time: 00:12:11

Health: -1/51      AC:  6    Str: 16    XL:     6   Next: 0%
Magic:  7/10       EV: 12    Int: 17    God:
Gold:   182        SH:  0    Dex: 11    Spells: 3 memorised, 3 levels left

rFire  . . .     SeeInvis .     a - +1 falchion (flame)
rCold  + . .     Clarity  .     (armour unavailable)
rNeg   . . .     SustAb   .     (no shield)
rPois  .         Gourm    .     (helmet restricted)
rElec  .         Spirit   .     (no cloak)
rCorr  .         Warding  .     (no gloves)
rMut   .         Stasis   .     (no boots)
MR     .....                    (no amulet)
Stlth  ++........               (no ring)
                                m - ring of protection from cold

@: mighty, lethally poisoned, very slightly contaminated, not resistant to
hostile enchantments, unstealthy
A: unfitting armour, horns 1, cold-blooded, AC +6
a: no special abilities


You were on level 4 of the Dungeon.
You were hungry.

You visited 1 branch of the dungeon, and saw 4 of its levels.

You collected 182 gold pieces.

Inventory:

Hand weapons
 a - a +1 falchion of flaming (weapon)
 o - a +0 blowgun
Missiles
 p - 19 poisoned needles
Jewellery
 d - an uncursed ring of teleportation
 m - a ring of protection from cold (left hand)
Scrolls
 i - a scroll of enchant armour
 q - a scroll of remove curse
Potions
 h - a potion of restore abilities
 j - 2 potions of resistance
Books
 c - a book of Conjurations

   Spells                             Type                      Level
   a - Magic Dart                     Conjuration                  1
   b - Searing Ray                    Conjuration                  2
   c - Dazzling Spray                 Conjuration/Hexes            3
   d - Fulminant Prism                Conjuration/Hexes            4
   e - Iskenderun's Mystic Blast      Conjuration                  4
   f - Iskenderun's Battlesphere      Conjuration/Charms           5
Comestibles
 b - 2 bread rations
 t - a beef jerky
 u - 4 fruits


   Skills:
 + Level 3.2 Fighting
 - Level 1.7 Dodging
 - Level 1.7 Stealth
 - Level 2.0 Spellcasting
 * Level 6.5 Conjurations


You had 3 spell levels left.
You knew the following spells:

 Your Spells              Type           Power        Failure   Level  Hunger
a - Magic Dart            Conj           ###.         1%          1    #......
b - Searing Ray           Conj           ###...       1%          2    ###....
c - Dazzling Spray        Conj/Hex       ##......     17%         3    ###....


Dungeon Overview and Level Annotations

Branches:
Dungeon (4/15)
 Temple: D:4-7

Altars:

Shops:
D:4 !

Annotations:
D:4 Dowan


Innate Abilities, Weirdness & Mutations

Your plain brown scales are hard (AC +6).
Your body does not fit into most forms of armour.
Your cold-blooded metabolism reacts poorly to cold.
You have a pair of small horns on your head.


Message History

You kill the orc!
You have reached level 6!
Your experience leads to an increase in your attributes!
Your base attributes are Str 11, Int 16, Dex 11.
Increase (S)trength, (I)ntelligence, or (D)exterity?
You feel clever.
Your scales feel tougher.
You feel sick. The orc closely misses you. The kobold misses you.
You closely miss the kobold.
You feel sick. The orc hits you but does no damage.
The kobold hits you but does no damage. The orc hits you but does no damage.
You barely miss the kobold.
You feel sick. The kobold closely misses you.
The orc hits you but does no damage. The kobold barely misses you.
You barely miss the kobold.
Your tail-slap misses the kobold.
The orc hits you with a whip.
* * * LOW HITPOINT WARNING * * *
The kobold misses you.
You closely miss the orc.
* * * LOW HITPOINT WARNING * * *
You feel sick. The orc misses you. The kobold hits you.
You die...

######
#(.)(#
#..))#
##)..(##
#...K@(#
...'...o))+
..#......#
# ##....##
#....#
#....#
##''## ...
≈≈ .


You could see an orc and a kobold.

Vanquished Creatures
  Duvessa (D:4)
  An orc wizard (D:4)
  8 adders
  3 worms
  2 giant geckos
  3 orcs
  11 bats
  6 giant cockroaches
  10 goblins
  9 hobgoblins
  6 jackals
  A quokka (D:2)
  2 ball pythons (D:2)
  14 kobolds
  8 rats
85 creatures vanquished.

Vanquished Creatures (others)
  A kobold (D:4)
1 creature vanquished.

Grand Total: 86 creatures vanquished

Notes
Turn   | Place    | Note
--------------------------------------------------------------
     0 | D:1      | MrRokkomies, the Draconian Conjurer, began the quest for the Orb.
     0 | D:1      | Reached XP level 1. HP: 14/14 MP: 3/3
   236 | D:1      | Reached XP level 2. HP: 20/20 MP: 4/4
   240 | D:1      | Learned a level 2 spell: Searing Ray
   870 | D:2      | Reached skill level 1 in Fighting
  1078 | D:2      | Reached XP level 3. HP: 28/28 MP: 6/6
  1421 | D:2      | Reached skill level 5 in Conjurations
  1533 | D:2      | Learned a level 3 spell: Dazzling Spray
  1623 | D:3      | Reached XP level 4. HP: 31/36 MP: 7/7
  2071 | D:3      | Reached XP level 5. HP: 42/42 MP: 5/9
  2365 | D:4      | Found Juwauqed's Distillery.
  2430 | D:4      | Noticed Dowan
  2431 | D:4      | Noticed Duvessa
  2465 | D:4      | Killed Duvessa
  2465 | D:4      | Reached skill level 6 in Conjurations
  2472 | D:4      | Gained mutation: You have a pair of small horns on your head. [potion of beneficial mutation]
  2495 | D:4      | Reached XP level 6. HP: 9/51 MP: 6/10
  2498 | D:4      | HP: 2/51 [orc/whip (4)]
  2499 | D:4      | Slain by a kobold

Action                   |  1- 3 |  4- 6 || total
-------------------------+-------+-------++-------
Melee: Hand axe          |    49 |       ||    49
       Falchion          |    67 |    85 ||   152
 Cast: Magic Dart        |     5 |    18 ||    23
       Searing Ray       |     2 |     5 ||     7
       Dazzling Spray    |       |     3 ||     3
  Use: Scroll            |    14 |     2 ||    16
       Potion            |       |     6 ||     6
 Stab: Sleeping          |     2 |     1 ||     3
       Invisible         |       |     2 ||     2
  Eat: Chunk             |     3 |     3 ||     6
